AoeStats
← crocodalho

Black Forest

505927146Analyzed
4v4 RM · 21d ago on Sep 11, 2026· 76m 36s· 8 players
Game mode
Random Map
Map size
Large (8 player)
Population
200
Speed
Normal
Resources
Standard
Victory
Conquest
Starting age
Dark Age
Ending age
Imperial Age
RankedLock teamsTeams togetherTeam positionsShared explorationLock speedFull tech treeHidden civsTurbo modeCheats
Victory
Defeat
🇧🇷 Jurchens · Brazil
611
+22
🇧🇾 Lithuanians · Belarus
597
+22
🇮🇳 Persians · India
594
+22
🇨🇿 Teutons · Czechia
552
+24
🇧🇷 Aztecs · Brazil
801
-24
🇨🇱 Khmer · Chile
739
-23
🇸🇪 Turks · Sweden
718
-45
🇺🇸 Goths · United States
702
-21
young bulvės
4:18 Loom
12:10 Feudal Age
12:49 Horse Collar
13:01 Double-Bit Axe
13:04 Town Watch
15:26 Wheelbarrow
22:38 Bloodlines
26:10 Castle Age
24:44 Scale Barding Armor
25:15 Forging
27:59 Bow Saw
27:52 Heavy Plow
27:54 Town Patrol
28:10 Hand Cart
29:36 Caravan
32:00 Chain Barding Armor
32:17 Iron Casting
31:45 Husbandry
32:37 Padded Archer Armor
33:58 Ballistics
35:13 Leather Archer Armor
34:49 Fletching
35:12 Elite Skirmisher
36:01 Thumb Ring
39:57 Imperial Age
36:56 Elite Skirmisher
39:22 Murder Holes
40:10 Bodkin Arrow
41:21 Crop Rotation
41:55 Two-Man Saw
42:07 Chemistry
41:43 Ring Archer Armor
42:20 Bracer
43:43 Gold Mining
44:48 Tower Shields
45:09 Conscription
49:15 Hill Forts
49:01 Cavalier
51:23 Plate Barding Armor
72:30 Elite Leitis
Ajghoimer
1:42 Loom
14:55 Feudal Age
15:34 Double-Bit Axe
18:30 Wheelbarrow
18:17 Stone Mining
24:06 Horse Collar
26:31 Castle Age
28:32 Bow Saw
28:47 Hand Cart
28:44 Forging
28:52 Gold Mining
29:12 Heavy Plow
30:39 Gold Shaft Mining
32:02 Heated Shot
33:17 Scale Barding Armor
36:46 Imperial Age
35:25 Guard Tower
35:55 Ballistics
37:49 Crop Rotation
38:23 Two-Man Saw
39:10 Stone Shaft Mining
40:48 Cavalier
41:29 Husbandry
41:39 Bloodlines
43:31 Chemistry
43:05 Savar
43:15 Elite War Elephant
48:18 Iron Casting
48:04 Chain Barding Armor
47:44 Scale Mail Armor
47:50 Caravan
50:17 Citadels
55:10 Pikeman
55:36 Arson
55:52 Squires
55:37 Gambesons
56:06 Halberdier
61:02 Blast Furnace
60:18 Chain Mail Armor
60:39 Plate Barding Armor
74:16 Masonry
sandeepkumarsdsl
1:11 Loom
20:49 Feudal Age
23:29 Wheelbarrow
25:38 Double-Bit Axe
28:11 Town Watch
30:27 Castle Age
28:47 Gold Mining
29:15 Forging
29:05 Scale Mail Armor
28:54 Horse Collar
32:27 Bow Saw
32:54 Iron Casting
32:35 Chain Mail Armor
32:37 Caravan
32:35 Stone Mining
32:48 Heavy Plow
36:09 Fortified Wall
36:11 Masonry
36:22 Ballistics
39:55 Hand Cart
44:23 Imperial Age
42:06 Heated Shot
48:22 Elite Teutonic Knight
49:59 Capped Ram
50:06 Capped Ram
52:54 Blast Furnace
52:25 Plate Mail Armor
55:54 Onager
61:59 Siege Onager
64:33 Two-Man Saw
72:49 Chemistry
72:15 Cavalier
73:07 Scale Barding Armor
Cholo-Mochica
1:45 Loom
11:02 Feudal Age
12:04 Double-Bit Axe
13:49 Horse Collar
23:31 Castle Age
34:26 Wheelbarrow
35:54 Bow Saw
35:52 Heavy Plow
36:17 Caravan
51:51 Hand Cart
51:23 Town Watch
53:04 Ballistics
52:50 Siege Engineers
52:43 Gold Mining
52:44 Stone Mining
53:42 Forging
53:33 Scale Mail Armor
53:38 Scale Barding Armor
53:42 Elite Skirmisher
54:27 Fletching
54:37 Padded Archer Armor
57:25 Bodkin Arrow
57:45 Leather Archer Armor
57:51 Chain Barding Armor
64:50 Imperial Age
62:21 Town Patrol
64:03 Murder Holes
65:34 Chain Mail Armor
65:55 Iron Casting
67:52 Chemistry
72:14 Plate Barding Armor
72:40 Blast Furnace
75:08 Two-Man Saw
76:08 Capped Ram
Bubbs
0:58 Loom
14:40 Feudal Age
15:29 Double-Bit Axe
15:36 Horse Collar
21:09 Gold Mining
21:15 Stone Mining
23:36 Castle Age
22:40 Scale Mail Armor
22:51 Forging
27:06 Pikeman
27:46 Squires
27:07 Man-at-Arms
28:55 Wheelbarrow
28:06 Town Watch
28:25 Heavy Plow
28:38 Bow Saw
29:10 Chain Mail Armor
29:30 Iron Casting
35:58 Imperial Age
33:48 Caravan
35:36 Hand Cart
37:00 Conscription
36:45 Perfusion
37:35 Anarchy
42:58 Blast Furnace
48:46 Halberdier
naps
0:47 Loom
16:00 Feudal Age
19:33 Castle Age
19:03 Wheelbarrow
18:13 Town Watch
18:16 Double-Bit Axe
18:31 Gold Mining
18:31 Stone Mining
18:39 Stone Mining
26:18 Horse Collar
28:50 Bow Saw
32:25 Heavy Plow
35:48 Imperial Age
33:58 Stone Shaft Mining
34:41 Gold Shaft Mining
34:25 Hand Cart
38:04 Caravan
38:33 Double Crossbow
38:51 Capped Ram
40:46 Conscription
39:51 Heavy Scorpion
42:32 Chemistry
44:12 Siege Engineers
44:26 Husbandry
44:36 Bloodlines
43:54 Light Cavalry
44:55 Hussar
45:46 Bloodlines
47:19 Forging
47:16 Scale Barding Armor
50:01 Iron Casting
49:47 Chain Barding Armor
51:12 Pikeman
51:38 Arson
52:58 Blast Furnace
51:58 Scale Mail Armor
52:33 Plate Barding Armor
52:14 Halberdier
54:31 Chain Mail Armor
56:54 Man-at-Arms
crocodalho
11:01 Loom
13:53 Feudal Age
14:58 Double-Bit Axe
16:27 Wheelbarrow
16:13 Horse Collar
19:19 Arson
21:29 Man-at-Arms
23:42 Forging
23:33 Scale Mail Armor
30:38 Castle Age
30:46 Castle Age
28:44 Gold Mining
28:46 Stone Mining
31:23 Town Watch
32:28 Iron Casting
32:17 Pikeman
32:59 Squires
34:49 Long Swordsman
35:57 Hand Cart
36:33 Gold Shaft Mining
36:37 Stone Shaft Mining
36:22 Bow Saw
38:03 Heavy Plow
38:27 Gambesons
39:04 Chain Mail Armor
39:04 Padded Archer Armor
52:24 Imperial Age
53:26 Garland Wars
52:37 Two-Handed Swordsman
55:58 Conscription
56:27 Crop Rotation
55:58 Champion
56:22 Eagle Warrior
59:09 Elite Eagle Warrior
63:03 Blast Furnace
62:51 Plate Mail Armor
67:37 Town Watch
KutUve27an
9:16 Loom
14:03 Feudal Age
15:38 Wheelbarrow
15:13 Double-Bit Axe
28:16 Man-at-Arms
35:41 Forging
39:54 Horse Collar
46:49 Castle Age
48:45 Hand Cart
54:16 Iron Casting
55:35 Squires
Connection lost

Rejoining the realm…

Still unreachable

The connection could not be restored.

Session expired

The server has moved on; the page needs a fresh start.